 Dungeon Crawl Stone Soup version 0.17-a0-1997-ga88ed7d (webtiles) character file.

72 Mordenkainen the Slasher (level 4, -2/34 HPs)
             Began as a Demonspawn Gladiator on Oct 8, 2015.
             Slain by a goblin
             ... wielding a +0 dagger
             ... led by Robin
              (3 damage)
             ... on level 2 of the Dungeon.
             The game lasted 00:03:15 (947 turns).

Mordenkainen the Slasher (Demonspawn Gladiator)      Turns: 947, Time: 00:03:15

Health: -2/34      AC:  5    Str: 17    XL:     4   Next: 6%
Magic:  4/4        EV: 13    Int:  9    God:
Gold:   42         SH:  0    Dex: 13    Spells: 0 memorised, 3 levels left

rFire  . . .     SeeInvis .     a - +0 long sword
rCold  . . .     Clarity  .     b - +0 leather armour
rNeg   . . .     SustAt   .     (no shield)
rPois  .         Gourm    .     c - +0 helmet
rElec  .         Spirit   .     (no cloak)
rCorr  .         Warding  .     (no gloves)
rMut   .         Stasis   .     (no boots)
MR     .....                    (no amulet)
Stlth  +.........               (no ring)
                                (no ring)

@: not resistant to hostile enchantments, very unstealthy
A: molten scales 1, powered by pain 1
a: no special abilities


You were on level 2 of the Dungeon.
You were hungry.

You visited 1 branch of the dungeon, and saw 2 of its levels.

You collected 42 gold pieces.

Inventory:

Hand Weapons
 a - a +0 long sword (weapon)
Armour
 b - a +0 leather armour (worn)
 c - a +0 helmet (worn)
Jewellery
 f - an uncursed amulet of rage {unknown}
Scrolls
 g - 2 scrolls of remove curse {unknown}
 i - 4 scrolls of identify {unknown}
 m - a scroll of teleportation {unknown}
 n - a scroll of magic mapping {unknown}
Potions
 h - a potion of flight {unknown}
 j - a potion of degeneration {unknown}
 k - a potion of brilliance {unknown}
 l - a potion of heal wounds {unknown}
Comestibles
 e - 2 bread rations


   Skills:
 * Level 2.8 Fighting
 * Level 3.4 Long Blades
 - Level 1.7 Throwing
 * Level 3.3 Dodging


You had 3 spell levels left.
You didn't know any spells.

Dungeon Overview and Level Annotations

Branches:
Dungeon (2/15)

Altars:


Innate Abilities, Weirdness & Mutations

You are partially covered in molten scales (AC +1).
You sometimes gain a little power by taking damage.


Message History

You throw a throwing net.
The throwing net barely misses the hobgoblin.
The throwing net hits the hobgoblin.
The hobgoblin is caught in the net!
The goblin completely misses you. The hobgoblin closely misses you.
The hobgoblin struggles against the net.
Throwing (i - inventory):
d - a throwing net (quivered)
Press: ? - help, Shift-Dir - straight line, f/p - hobgoblin
Aim: a hobgoblin, wielding a club (consumed by blood-lust)
You throw a throwing net. The throwing net hits the hobgoblin.
The hobgoblin is caught in the net!
The goblin barely misses you.
The hobgoblin struggles to escape the net.
The hobgoblin struggles against the net.
You closely miss the goblin. The goblin closely misses you.
The hobgoblin struggles against the net. x2
You closely miss the goblin. The goblin hits you with a dagger.
* * * LOW HITPOINT WARNING * * *
The hobgoblin struggles against the net.
The hobgoblin struggles to escape the net.
The goblin hits you with a dagger.
You die...

.....)..........).....#
#.......########....>.#
#..####.## #####.##########
#.. ##..## #[.........# g.#
##....## ######....## ..
#.....g### #..###
....#.<...gg.# ########.##
........)..#.#####........#
....##....##.ggg@g.....>.##
### ##..#########......##
#### #......# ########


You could see 2 hobgoblins and 2 goblins.

Vanquished Creatures
  Robin (D:2)
  2 adders (D:2)
  An ooze (D:1)
  2 giant geckos (D:1)
  2 ball pythons (D:1)
  2 giant cockroaches (D:1)
  5 hobgoblins
  2 kobolds
  5 bats
  5 giant newts
  7 goblins
  6 rats
40 creatures vanquished.

Notes
Turn   | Place    | Note
--------------------------------------------------------------
     0 | D:1      | Mordenkainen the Demonspawn Gladiator began the quest for the Orb.
     0 | D:1      | Reached XP level 1. HP: 16/16 MP: 1/1
   124 | D:1      | Gained mutation: You are partially covered in molten scales (AC +1). [demonic ancestry]
   124 | D:1      | Reached XP level 2. HP: 9/22 MP: 2/2
   173 | D:1      | Reached skill level 3 in Long Blades
   441 | D:1      | Reached XP level 3. HP: 19/28 MP: 3/3
   901 | D:2      | Noticed Robin
   943 | D:2      | Killed Robin
   943 | D:2      | Gained mutation: You sometimes gain a little power by taking damage. [demonic ancestry]
   943 | D:2      | Reached XP level 4. HP: 2/34 MP: 4/4
   947 | D:2      | HP: 1/34 [goblin/dagger[Robin] (2)]
   947 | D:2      | Slain by a goblin

Vault maps used:
D:1:      tarquinn_simple_flora_water_f
D:2:      led_sif_pool, elyvilon_altar_5, overflow_temple_1_default,
          ashenzari_conservatory_becter, first_bread, uniq_robin

Action                   |  1- 3 |  4- 6 || total
-------------------------+-------+-------++-------
Melee: Long sword        |   153 |     2 ||   155
Throw: Throwing net      |     1 |     2 ||     3
 Stab: Held in net/web   |     1 |       ||     1
